Map: Emerald City LE

Players

Massa

  • Race: Terran Terran
  • League: Platinum
  • Spawn Location: 11:00

qqq

  • Race: Zerg Zerg
  • Spawn Location: 11:00

Gurkthulhu - Winner!

  • Race: Terran Terran
  • Spawn Location: 5:00

overpowered - Winner!

  • Race: Protoss Protoss
  • Spawn Location: 5:00

VOD

Have the link to the VOD?

Description

Time

  • Played on: Oct. 29, 2020, 5:08 p.m.
  • Length: 13:41
Show
View Real Time Build Order
Export as new Build Order

Massa Terran 

Build Orders: Gas First Reaper Expand 

Get SALT Encoding   

  12  0:00  SCV  
  13  0:13  SCV  
  14  0:23  Supply Depot  
  14  0:25  SCV  
  15  0:35  Refinery  
  15  0:45  SCV  
  15  0:46  Barracks  
  16  0:57  SCV  
  17  1:09  SCV  
  18  1:25  SCV  
  19  1:37  Reaper  
  20  1:42  Orbital Command  
  20  1:51  Command Center  
  20  2:08  Marine  
  20  2:10  SCV  
  22  2:27  Barracks Reactor  
  22  2:38  SCV  
  22  2:43  Refinery  
  22  2:44  Command Center  
  23  2:55  Factory  
  23  3:06  Marine  
  23  3:07  Marine  
  23  3:09  Orbital Command, SCV  
  26  3:20  Supply Depot  
  26  3:22  SCV  
  26  3:24  Marine x2  
  29  3:40  Factory Tech Lab  
  29  3:42  Marine x2  
  29  3:43  SCV x2  
  29  3:47  Starport  
  33  3:57  Barracks  
  33  4:00  Marine x2  
  35  4:11  Siege Tank  
  38  4:17  Orbital Command  
  38  4:18  Marine x2  
  38  4:19  SCV x2  
  38  4:24  Medivac  
  44  4:35  Marine  
  44  4:36  Marine  
  46  4:38  Engineering Bay  
  46  4:43  Widow Mine  
  48  4:53  Marine  
  49  5:01  Marine  
  49  5:06  Siege Tank  
  53  5:11  Marine  
  53  5:37  Missile Turret  
  45  6:00  SCV x3  
  47  6:12  SCV x3  
  50  6:24  SCV x2  
  52  6:27  SCV  
  52  6:32  Missile Turret  
  53  6:34  Barracks Tech Lab  
  53  6:36  SCV x2  
  53  6:39  SCV, Missile Turret  
  56  6:41  Refinery, Marine  
  56  6:42  Marine  
  56  6:43  Siege Tank  
  61  7:35  Supply Depot x2  
  61  7:36  Supply Depot  
  61  7:44  Refinery  
  61  7:56  Marine x2  
  61  7:57  SCV x2, Marauder, Liberator, Siege Tank  
  73  8:00  Orbital Command  
  73  8:02  Supply Depot  
  73  8:04  Supply Depot  
  73  8:05  Supply Depot  
  73  8:09  SCV x2  
  65  8:14  Marine x2  
  65  8:15  Stimpack  
  65  8:19  Marauder  
  69  8:21  SCV x2, Barracks  
  69  8:22  Barracks  
  69  8:26  Supply Depot  
  71  8:29  Siege Tank  
  71  8:32  Barracks, Marine x2  
  71  8:33  SCV x2  
  78  8:34  Barracks  
  78  8:40  Starport Tech Lab, Marauder  
  80  8:42  SCV  
  80  8:45  SCV x2  
  83  8:49  Missile Turret  
  83  8:50  Marine x2  
  83  8:54  SCV  
  86  8:57  SCV x2  
  86  9:01  Marauder  
  90  9:06  SCV  
  90  9:09  SCV x2, Terran Infantry Weapons Level 1  
  93  9:10  Missile Turret  
  93  9:12  Armory  
  93  9:14  Engineering Bay  
  93  9:19  SCV  
  93  9:21  SCV x2  
  93  9:23  Refinery, Marauder  
  98  9:26  Refinery  
  98  9:31  SCV, Missile Turret  
  99  9:33  SCV x2  
  99  9:36  Command Center  
  101  9:43  SCV  
  102  9:46  SCV  
  103  9:53  Missile Turret  
  103  9:56  Siege Tank  
  103  9:57  Marauder  
  103  9:58  Barracks Reactor, Barracks Tech Lab  
  103  9:59  Barracks Tech Lab x2  
  108  10:00  Marine x2  
  110  10:09  Medivac  
  110  10:14  Missile Turret  
  112  10:18  Marine x2  
  112  10:19  Marauder  
  116  10:24  Cloaking Field  
  116  10:28  SCV, Siege Tank  
  117  10:36  Sensor Tower  
  117  10:47  Raven, Marine x2  
  117  10:48  SCV x3, Marauder, Supply Depot  
  117  10:49  Supply Depot  
  126  10:50  Terran Infantry Armor Level 1  
  126  10:51  Supply Depot  
  126  10:52  Terran Vehicle Weapons Level 1, Supply Depot x2  
  126  10:53  Supply Depot  
  126  10:55  Supply Depot  
  126  10:56  Planetary Fortress  
  126  11:00  SCV x3  
  126  11:01  Sensor Tower  
  129  11:05  Marine x2  
  129  11:10  Marauder  
  135  11:11  Marauder x2  
  135  11:12  SCV x3, Marauder  
  141  11:24  SCV x3  
  142  11:30  Medivac  
  142  11:31  Marauder  
  141  11:33  Marauder  
  131  11:54  SCV x2  
  131  11:55  SCV x2  
  131  11:58  Sensor Tower  
  131  12:00  Medivac  
  137  12:07  Refinery  
  137  12:16  Command Center  
  137  12:30  Refinery  
  105  12:38  Marauder  
  105  12:39  Marauder x3, Marine  
  105  12:40  Marine x3  
  111  12:52  Siege Tank  
  111  12:57  Marine  
  111  12:58  Marine x3  
  118  13:00  Marauder x4  
  123  13:15  Marine x2  
  123  13:16  Marine x2  
Show
View Real Time Build Order
Export as new Build Order

qqq Zerg 

Build Orders: Hatch First 

Get SALT Encoding   

  12  0:05  Drone  
  13  0:08  Drone  
  14  0:38  Hatchery  
  13  0:46  Drone  
  14  1:05  Overlord  
  14  1:08  Spawning Pool  
  14  1:11  Drone  
  14  1:13  Extractor  
  14  1:15  Drone  
  14  1:28  Drone x2  
  16  1:43  Drone  
  17  1:50  Drone  
  18  2:04  Drone, Queen  
  18  2:06  Queen  
  23  2:10  Drone  
  23  2:15  Drone x2  
  25  2:24  Metabolic Boost  
  25  2:29  Overlord  
  25  2:33  Drone  
  26  2:44  Drone x2  
  27  2:45  Overlord  
  28  2:58  Drone  
  28  3:00  Lair  
  28  3:01  Extractor  
  28  3:02  Drone  
  28  3:03  Drone  
  30  3:07  Drone  
  30  3:11  Drone  
  32  3:14  Drone  
  33  3:21  Drone  
  33  3:25  Drone  
  35  3:28  Zergling x2  
  35  3:33  Overlord  
  35  3:34  Zergling x4  
  38  3:40  Evolution Chamber  
  38  3:41  Drone  
  38  3:44  Drone  
  39  3:50  Drone x3  
  42  3:57  Extractor  
  42  3:59  Extractor  
  40  4:04  Drone  
  41  4:11  Hatchery  
  41  4:14  Drone  
  41  4:15  Spire  
  40  4:18  Zergling x2  
  40  4:20  Zergling x2  
  40  4:21  Zergling x2  
  43  4:42  Overlord  
  43  4:43  Drone x5  
  43  4:44  Drone x2  
  50  4:59  Zergling x4  
  52  5:00  Drone  
  52  5:01  Overlord  
  52  5:02  Drone  
  54  5:17  Overseer  
  54  5:18  Pneumatized Carapace  
  52  5:26  Mutalisk x4  
  55  5:54  Drone x2  
  55  5:55  Drone x5  
  55  5:56  Drone x2  
  63  6:16  Drone x2  
  63  6:18  Zerg Flyer Weapons Level 1  
  65  6:23  Hatchery  
  65  6:25  Drone x3  
  67  6:30  Spore Crawler  
  66  6:33  Drone x3, Queen  
  66  6:35  Mutalisk  
  73  6:45  Overlord x3  
  71  7:04  Drone x2  
  71  7:05  Mutalisk x5  
  82  7:20  Mutalisk x3  
  80  7:31  Spore Crawler  
  80  7:35  Spine Crawler  
  78  7:39  Drone x2  
  78  7:40  Drone, Mutalisk  
  78  7:41  Mutalisk x3  
  78  7:43  Hatchery  
  88  8:12  Zerg Flyer Armor Level 1  
  88  8:22  Mutalisk x3  
  88  9:02  Drone x5  
  77  9:13  Zergling x6  
  77  9:14  Zergling x12  
  77  9:16  Mutalisk x2  
  86  9:18  Drone  
  89  9:33  Drone x2, Hydralisk Den, Infestation Pit  
  89  9:36  Drone x3  
  77  10:09  Mutalisk x4  
  77  10:10  Mutalisk, Hydralisk x2  
  77  10:11  Hydralisk x2  
  77  10:12  Drone x3  
  77  10:13  Drone x3  
  101  10:17  Spine Crawler, Queen, Spore Crawler  
  101  10:18  Spine Crawler  
  100  10:31  Zerg Melee Weapons Level 1  
  100  10:36  Hatchery, Overlord x2  
  100  10:37  Overlord x4  
  100  10:42  Spine Crawler  
  98  10:43  Spine Crawler  
  98  10:44  Spine Crawler  
  98  10:45  Overlord x2  
  98  10:49  Hatchery  
  95  10:56  Drone x5  
  95  10:57  Drone  
  101  10:59  Hatchery  
  101  11:03  Extractor  
  99  11:05  Extractor  
  98  11:22  Hive  
  98  11:39  Hydralisk x6  
  104  11:40  Hydralisk x3  
  104  11:45  Lurker Den  
  96  11:59  Zergling x8  
  96  12:00  Zergling x2  
  93  12:09  Drone x7  
  93  12:10  Drone x3  
  93  12:14  Drone x3  
  106  12:24  Muscular Augments  
  75  12:45  Zergling x2  
  75  12:46  Zergling x12  
  75  12:47  Drone x5  
  75  12:48  Drone x5  
  75  12:50  Spine Crawler  
  91  12:58  Spine Crawler x2  
  90  13:01  Ultralisk Cavern, Hydralisk x2  
  90  13:02  Drone  
  90  13:03  Drone x4  
  94  13:17  Hydralisk x2  
  94  13:19  Hatchery  
  87  13:28  Hatchery  
  87  13:30  Lurker x2  
Show
View Real Time Build Order
Export as new Build Order

Gurkthulhu Terran - Winner!

Build Orders: 2 Factory, Gas First Reaper Expand, Mech 

Get SALT Encoding   

  12  0:02  SCV  
  14  0:21  SCV  
  14  0:22  Supply Depot  
  14  0:28  Refinery  
  14  0:34  SCV  
  15  0:48  Barracks  
  15  0:50  SCV  
  16  1:02  SCV  
  17  1:23  SCV  
  18  1:35  Reaper  
  18  1:36  Orbital Command  
  19  1:52  Command Center  
  19  2:01  Factory  
  19  2:03  SCV  
  20  2:15  Barracks Tech Lab  
  20  2:17  SCV  
  21  2:24  Refinery  
  21  2:29  SCV  
  22  2:36  Marine  
  23  2:41  Supply Depot  
  23  3:03  SCV  
  23  3:05  Command Center  
  23  3:09  Factory  
  25  3:12  Hellion  
  25  3:18  SCV  
  25  3:19  SCV  
  27  3:22  Marine  
  28  3:30  SCV  
  28  3:34  Factory Tech Lab  
  29  3:37  Armory  
  29  3:39  SCV  
  29  3:40  Marine  
  31  3:48  SCV  
  32  3:53  Siege Tank  
  32  3:54  SCV  
  36  4:00  Factory Reactor  
  36  4:03  SCV  
  37  4:10  Orbital Command  
  37  4:13  Refinery  
  37  4:15  SCV  
  37  4:16  Refinery  
  38  4:17  Marine  
  38  4:22  Orbital Command  
  39  4:28  Infernal Pre-Igniter  
  39  4:39  Widow Mine x3  
  39  4:44  SCV x2  
  47  4:48  SCV  
  47  4:49  Supply Depot  
  48  5:02  Widow Mine x2  
  48  5:03  Widow Mine  
  48  5:04  Starport  
  48  5:06  SCV  
  55  5:14  Terran Vehicle And Ship Armor Level 1  
  55  5:17  SCV x2  
  55  5:20  SCV  
  58  5:29  SCV  
  58  5:32  Widow Mine x2  
  58  5:35  SCV x2  
  65  5:39  Widow Mine, Engineering Bay  
  65  5:41  Medivac  
  69  5:47  Drilling Claws, Supply Depot  
  69  5:50  Supply Depot  
  69  6:07  Factory  
  69  6:08  SCV x3  
  69  6:09  Widow Mine x2  
  76  6:11  Medivac  
  76  6:18  Siege Tank  
  81  6:22  SCV x2  
  81  6:23  Factory  
  81  6:25  Supply Depot  
  83  6:30  Sensor Tower  
  84  6:35  Widow Mine  
  87  6:47  Widow Mine  
  87  7:04  Orbital Command  
  87  7:06  Factory Tech Lab  
  79  7:26  Widow Mine, Siege Tank x2  
  79  7:27  SCV x2  
  89  7:31  Medivac  
  92  7:37  SCV  
  92  7:38  Widow Mine  
  92  7:44  Factory Tech Lab  
  90  7:47  Widow Mine  
  90  7:48  SCV  
  93  7:52  Command Center  
  93  7:55  Supply Depot  
  93  7:58  Supply Depot x2  
  93  8:00  Missile Turret x2  
  93  8:02  Missile Turret  
  93  8:08  Starport Reactor  
  93  8:13  Widow Mine, Missile Turret x2  
  93  8:16  SCV x2, Missile Turret  
  93  8:17  Widow Mine x3  
  97  8:21  Widow Mine  
  96  8:28  SCV, Missile Turret  
  96  8:29  SCV x2  
  98  8:35  Widow Mine  
  98  8:39  Widow Mine  
  98  8:40  Widow Mine  
  98  8:41  Widow Mine, SCV  
  106  8:57  Widow Mine x2  
  106  9:00  Widow Mine  
  112  9:12  SCV  
  112  9:13  SCV x2  
  112  9:14  Terran Vehicle And Ship Armor Level 2  
  115  9:21  Armory  
  115  9:24  SCV  
  115  9:25  SCV  
  115  9:28  Refinery x2  
  117  9:38  Thor x2  
  117  9:39  Widow Mine x2, Thor  
  135  9:53  SCV x2  
  135  9:59  Factory  
  137  10:00  Widow Mine x2, Factory  
  141  10:18  Missile Turret  
  141  10:20  Missile Turret  
  141  10:21  Thor  
  141  10:25  Factory  
  141  10:26  Factory  
  141  10:27  Viking  
  149  10:30  Widow Mine  
  151  10:42  SCV x2  
  153  10:45  Command Center  
  153  10:46  Factory Tech Lab  
  153  10:48  Factory Tech Lab  
  153  10:49  Command Center  
  153  10:53  Thor  
  153  10:57  SCV x3  
  156  11:11  Factory Tech Lab, Factory Reactor  
  156  11:21  Thor  
  154  11:28  Thor  
  151  11:34  Thor  
  151  11:39  Widow Mine x2  
  156  11:40  Widow Mine  
  156  11:41  Widow Mine  
  152  11:47  Supply Depot x2  
  152  11:48  Supply Depot  
  152  11:49  Widow Mine x2  
  152  11:50  Widow Mine  
  152  11:59  Armory, Planetary Fortress  
  152  12:01  Widow Mine x2  
  154  12:15  Thor  
  160  12:28  Refinery  
  160  12:29  Thor  
  166  12:30  Refinery  
  166  12:40  Hellion x2  
  166  12:41  Hellion x2  
  166  12:42  Hellion x2  
  178  12:50  Siege Tank  
  181  13:03  Siege Tank x2  
  181  13:04  Widow Mine x2  
Show
View Real Time Build Order
Export as new Build Order

overpowered Protoss - Winner!

Build Orders: 1 Gate Expand, Dark Templar Rush 

Get SALT Encoding   

  12  0:00  Probe  
  13  0:12  Probe  
  14  0:18  Pylon  
  14  0:24  Probe (Chrono Boost)  
  15  0:38  Probe (Chrono Boost)  
  15  0:39  Gateway  
  16  0:43  Probe (Chrono Boost)  
  17  0:50  Assimilator  
  17  0:53  Probe  
  18  1:05  Probe  
  19  1:18  Probe  
  20  1:28  Nexus  
  20  1:33  Probe  
  21  1:44  Cybernetics Core  
  21  1:50  Probe  
  22  1:54  Pylon  
  22  2:02  Probe (Chrono Boost)  
  22  2:03  Assimilator  
  23  2:14  Probe (Chrono Boost)  
  24  2:20  Stalker  
  24  2:21  Warp Gate  
  27  2:22  Probe (Chrono Boost)  
  27  2:28  Probe  
  28  2:40  Probe x2  
  30  2:48  Twilight Council  
  30  2:51  Stalker  
  32  2:52  Probe  
  32  2:54  Probe  
  34  3:04  Probe, Assimilator  
  35  3:06  Probe  
  35  3:11  Pylon  
  36  3:17  Probe  
  36  3:18  Probe  
  38  3:29  Probe  
  38  3:30  Probe, Dark Shrine  
  40  3:38  Gateway  
  40  3:41  Probe  
  41  3:42  Probe  
  42  3:53  Probe, Gateway  
  43  3:56  Probe, Assimilator  
  43  3:58  Pylon  
  44  4:05  Probe  
  45  4:11  Probe  
  45  4:14  Pylon  
  45  4:15  Robotics Facility  
  46  4:18  Probe  
  46  4:23  Probe  
  48  4:31  Probe  
  49  4:35  Probe  
  50  4:43  Dark Templar x2  
  54  4:52  Dark Templar  
  56  4:55  Probe  
  56  4:56  Probe  
  58  5:05  Observer  
  58  5:06  Robotics Bay  
  59  5:07  Probe, Pylon  
  59  5:08  Probe  
  59  5:09  Dark Templar  
  63  5:19  Probe  
  62  5:25  Probe  
  63  5:31  Probe  
  64  5:38  Probe  
  63  5:46  Probe, Pylon  
  63  5:47  Immortal  
  66  5:50  Probe  
  67  5:58  Probe  
  67  6:03  Probe  
  67  6:05  Robotics Facility  
  67  6:07  Zealot x2  
  67  6:08  Zealot  
  67  6:09  Charge  
  73  6:11  Pylon  
  73  6:15  Gateway  
  73  6:16  Gateway  
  73  6:17  Probe  
  74  6:19  Gateway, Forge  
  74  6:20  Gateway  
  74  6:21  Pylon  
  74  6:26  Extended Thermal Lance  
  74  6:27  Probe  
  74  6:29  Colossus  
  74  6:30  Pylon  
  81  6:38  Dark Templar x2  
  85  6:42  Zealot  
  85  6:45  Probe x2  
  87  7:06  Dark Templar x2  
  87  7:07  Zealot  
  93  7:10  Stalker  
  95  7:21  Probe  
  94  7:23  Colossus  
  94  7:24  Immortal  
  100  7:34  Templar Archives  
  100  7:36  Photon Cannon  
  100  7:37  Photon Cannon  
  100  7:40  Pylon  
  100  7:43  Protoss Ground Weapons Level 1 (Chrono Boost), Stalker  
  102  7:52  Pylon  
  102  7:53  Pylon  
  102  7:59  Stalker  
  102  8:00  Stalker  
  102  8:01  Stalker  
  102  8:02  Probe  
  105  8:17  Stalker x3  
  105  8:18  Stalker  
  111  8:28  Probe  
  112  8:36  Gateway  
  112  8:37  Gateway  
  112  8:40  Photon Cannon  
  112  8:43  Photon Cannon  
  110  8:54  Probe x2  
  102  9:06  Probe (Chrono Boost)  
  102  9:07  Archon  
  102  9:08  Nexus  
  102  9:09  Probe (Chrono Boost)  
  104  9:18  Probe (Chrono Boost)  
  104  9:23  Probe (Chrono Boost)  
  106  9:24  Probe (Chrono Boost)  
  106  9:30  High Templar x2  
  106  9:31  Probe, High Templar x2  
  116  9:32  Zealot  
  116  9:33  Probe  
  116  9:35  Archon x2  
  115  9:51  Pylon  
  115  9:54  Pylon  
  104  10:08  Colossus x2  
  104  10:11  Photon Cannon  
  104  10:13  Photon Cannon  
  116  10:30  Probe  
  116  10:31  Probe x2  
  119  10:38  Photon Cannon  
  119  10:39  Photon Cannon  
  119  10:41  Photon Cannon  
  119  10:42  Probe  
  120  10:43  Probe  
  120  10:44  Pylon  
  120  10:45  Zealot  
  120  10:47  High Templar  
  120  10:48  High Templar  
  127  11:00  Assimilator  
  127  11:02  Assimilator  
  127  11:04  Photon Cannon  
  127  11:07  High Templar  
  127  11:10  Photon Cannon, Archon  
  128  11:13  Zealot x3  
  134  11:34  Nexus, Warp Prism  
  134  11:35  Pylon  
  124  11:55  Stalker x4  
  124  11:56  Stalker x2  
  124  11:59  Observer  
  132  12:12  Photon Cannon, Pylon  
  132  12:14  Photon Cannon  
  132  12:15  Probe, Photon Cannon  
  132  12:17  Photon Cannon  
  133  12:36  Stalker  
  133  12:37  Stalker x5  
  127  12:45  Zealot  
  129  13:05  High Templar x2  
  129  13:06  High Templar x4  
  129  13:11  Archon x2  
  129  13:12  Archon  
  137  13:13  Zealot  
Tags
 
Add a new tag
Caveats
  • Supply blocks, unpowered buildings, or Contaminate may cause inaccurate times.
  • Supply counts are checked every 10 seconds.